 Dungeon Crawl Stone Soup version 0.31-a0-620-gd1cbd99268 (webtiles) character file.

Game seed: 8186796472095651676

1519 innerfire43 the Insei (level 8, -7/56 (61) HPs)
             Began as a Gnoll Shapeshifter on Aug 22, 2023.
             Was a Priest of Nemelex Xobeh.
             Mangled by a wight
             ... wielding a +0 trident
              (9 damage)
             ... on level 6 of the Dungeon on Aug 23, 2023.
             The game lasted 00:10:10 (6221 turns).

innerfire43 the Insei (Gnoll Shapeshifter)          Turns: 6221, Time: 00:10:11

HP:   -7/56 (61)    AC:  8    Str: 19    XL:     8   Next: 84%
MP:   31/31         EV: 13    Int:  6    God:    Nemelex Xobeh [***...]
Gold: 350           SH:  5    Dex: 12    Spells: 14/14 levels left

rFire   . .          .
                       - Unarmed
rCold   . . .        (shield currently unavailable)
rNeg    . . .        y - +0 leather armour {rPois}
rPois   +            C - +0 helmet
rElec   .            B - +0 cloak
rCorr   .            h - +2 pair of gloves
SInv    .            (no boots)
Will    .....        s - amulet of reflection
Stlth   +            f - ring of magical power
HPRegen 0.29/turn    i - ring of magical power
MPRegen 0.22/turn

%: reflection
@: flux-form, attractive, glowing, drained, invisible (but backlit and visible)
A: glow, contaminating, fangs 1, strong nose, distributed training, clumsy 1,
strong 1
a: Begin Untransformation, Renounce Religion, Draw Escape, Draw Destruction,
Draw Summoning, Triple Draw


You were on level 6 of the Dungeon.
You worshipped Nemelex Xobeh.
Nemelex Xobeh was most pleased with you.
You were something dangerously unstable.
You visited 1 branch of the dungeon, and saw 6 of its levels.
You also visited: Sewer.

You collected 350 gold pieces.

Inventory:

Hand Weapons
 z - a +1 sling of draining
Missiles
 k - 2 throwing nets
Armour
 a - a +0 animal skin
 h - a +2 pair of gloves (worn)
 n - a +1 robe
 y - a +0 leather armour of poison resistance (worn)
 B - a +0 cloak (worn)
 C - a +0 helmet (worn)
 I - a +0 buckler
Jewellery
 f - a ring of magical power (left hand)
 i - a ring of magical power (right hand)
 s - an amulet of reflection (around neck)
 v - a ring of see invisible
 D - a ring of see invisible
 E - an amulet of regeneration
Talismans
 c - a beast talisman
 d - a flux talisman (active)
 J - a maw talisman
Wands
 j - a wand of polymorph (8)
Scrolls
 l - 2 scrolls of fog
 m - a scroll of teleportation
 p - 3 scrolls of vulnerability
 r - a scroll of enchant weapon
 t - 2 scrolls of blinking
 u - 2 scrolls of identify
 x - 2 scrolls of immolation
 F - a scroll of poison {unknown}
 H - a scroll of brand weapon {unknown}
Potions
 b - a potion of lignification
 e - a potion of haste
 g - 3 potions of mutation
 q - a potion of invisibility
 w - a potion of cancellation {unknown}
 A - a potion of enlightenment {unknown}
 G - a potion of ambrosia {unknown}


   Skills:
 + Level 4.5 Fighting
 + Level 3.7 Short Blades
 + Level 3.7 Long Blades
 + Level 3.7 Axes
 + Level 3.7 Maces & Flails
 + Level 3.7 Polearms
 + Level 3.7 Staves
 + Level 3.7 Ranged Weapons
 + Level 3.7 Throwing
 + Level 3.7 Armour
 + Level 5.9 Dodging
 + Level 3.7 Stealth
 + Level 3.7 Shields
 + Level 7.6 Unarmed Combat
 + Level 3.7 Spellcasting
 + Level 3.0 Conjurations
 + Level 3.0 Hexes
 + Level 3.0 Summonings
 + Level 3.0 Necromancy
 + Level 3.0 Translocations
 + Level 3.0 Transmutations
 + Level 3.0 Fire Magic
 + Level 3.0 Ice Magic
 + Level 3.0 Air Magic
 + Level 3.0 Earth Magic
 + Level 3.0 Poison Magic
 + Level 4.0 Invocations
 + Level 3.7 Evocations
 + Level 7.4 Shapeshifting


You had 14 spell levels left.
You didn't know any spells.
Your spell library contained the following spells:

 Spells                   Type           Power      Damage    Failure   Level
 Sublimation of Blood     Necr           4%         N/A       17%         2
 Petrify                  Tmut/Erth      4%         N/A       75%         4
 Irradiate                Conj/Tmut      2%         3d12      97%         5


Dungeon Overview and Level Annotations

Branches:
Dungeon (6/15)             Temple (0/1) D:4           Sewer (visited)

Altars:
Elyvilon
Hepliaklqana
Makhleb
Nemelex Xobeh
Okawaru
Uskayaw
Vehumet
Xom

Shops:
D:1 =   D:3 (


Innate Abilities, Weirdness & Mutations

You are something dangerously unstable.
You glow with magical radiation, making you easy to see and hit.
Foes you strike become dangerously contaminated with magical radiation.
You are incapable of wielding weapons or throwing items.
You have very sharp teeth.
Your uncanny sense of smell can sniff out nearby items.
Your experience applies equally to all skills.
You are clumsy. (Dex -2)
Your muscles are strong. (Str +4, Int/Dex -1)


Message History

Your Translocations skill increases to level 3!
Your Transmutations skill increases to level 3!
Your Fire Magic skill increases to level 3!
Your Ice Magic skill increases to level 3!
Your Air Magic skill increases to level 3!
Your Earth Magic skill increases to level 3!
Your Poison Magic skill increases to level 3!
Your Invocations skill increases to level 4!
You hit the wight.
The wight begins to glow.
The wight is moderately damaged.
The wight barely misses you.
Unknown command.
You hit the wight but do no damage.
The wight begins to glow.
The wight hits you from afar with a +0 trident.
You feel drained.
You draw a card...
You have drawn Vitriol.
Press: ? - help, Shift-Dir - straight line, f - wight
Aim: a wight, wielding a +3 dire flail and wearing a +0 robe The glob of acid hits the wight!!!
You destroy the wight!
The wight barely misses you. The wight hits you with a +4 mace!
* * * LOW HITPOINT WARNING * * *
You feel drained. The wight hits you with a +0 flail.
* * * LOW HITPOINT WARNING * * *
It was a potion of attraction.
You feel attractive to monsters.
The wight hits you from afar with a +0 trident.
* * * LOW HITPOINT WARNING * * *
The wight hits you with a +4 mace!
* * * LOW HITPOINT WARNING * * *
You feel drained.
* * * LOW HITPOINT WARNING * * *
The wight closely misses you. The wight is attracted toward you.
Unknown command.
It was a potion of invisibility.
You become transparent, but the glow from your form prevents you from becoming completely invisible.
The wight hits you with a +0 trident!
You die...
Your body glows slightly brighter and disappears.

'.....#........#..##..#####
######....##'##'###'######
........#..........#....
........#..........#....
........#....).....#....
........#..........#####
####....#####......#....
#........#......'....
#..zB....#..#####....
#..zz)...#..#........
#.ยง......#..#........
#........#..'........
#........#..#........
#........#..#....#'##
#>.......#..#....#..#
#####....#..#....#..'
#..#....#..#


You could see 3 wights.

Vanquished Creatures
  A water moccasin (D:5)
  3 black bears
  2 ogres (D:6)
  2 kobold brigands (Sewer)
  A scorpion (D:6)
  2 wights (D:6)
  2 hounds
  2 jellies
  A gnoll bouda (D:6)
  An orc priest (D:4)
  A sleepcap (D:6)
  Jessica (D:2)
  4 iguanas (D:5)
  An orc wizard (D:4)
  10 adders
  4 gnolls (D:6)
  4 river rats
  2 white imps
  An ufetubus (D:4)
  8 worms
  5 dart slugs
  12 orcs
  5 endoplasms
  2 giant cockroaches
  9 goblins
  3 hobgoblins
  3 jackals (D:1)
  14 kobolds
  4 quokkas
  5 ball pythons
  A bat (D:2)
  3 frilled lizards
  14 rats
133 creatures vanquished.

Notes
Turn   | Place    | Note
-------+----------+-------------------------------------------
     0 | D:1      | innerfire43 the Gnoll Shapeshifter began the quest for the
                  | Orb.
     0 | D:1      | Reached XP level 1. HP: 17/17 MP: 1/1
   432 | D:1      | Found Zazxeoploy's Jewellery Emporium.
   533 | D:1      | Reached XP level 2. HP: 14/23 MP: 2/2
  1003 | D:2      | Reached XP level 3. HP: 26/28 MP: 3/3
  1008 | D:2      | Noticed Jessica
  1014 | D:2      | Killed Jessica
  1015 | D:2      | Reached skill level 1 in Short Blades
  1015 | D:2      | Reached skill level 1 in Long Blades
  1015 | D:2      | Reached skill level 1 in Axes
  1015 | D:2      | Reached skill level 1 in Maces & Flails
  1015 | D:2      | Reached skill level 1 in Polearms
  1015 | D:2      | Reached skill level 1 in Staves
  1015 | D:2      | Reached skill level 1 in Ranged Weapons
  1015 | D:2      | Reached skill level 1 in Throwing
  1015 | D:2      | Reached skill level 1 in Armour
  1015 | D:2      | Reached skill level 1 in Stealth
  1015 | D:2      | Reached skill level 1 in Shields
  1015 | D:2      | Reached skill level 1 in Spellcasting
  1015 | D:2      | Reached skill level 1 in Invocations
  1015 | D:2      | Reached skill level 1 in Evocations
  1165 | D:2      | Reached XP level 4. HP: 26/34 MP: 5/5
  1803 | D:3      | Found a hide-covered altar of Uskayaw.
  1805 | D:3      | Found a hazy altar of Hepliaklqana.
  1807 | D:3      | Found a radiant altar of Vehumet.
  1807 | D:3      | Found a shimmering altar of Xom.
  1807 | D:3      | Found an iron altar of Okawaru.
  1807 | D:3      | Found a white marble altar of Elyvilon.
  1859 | D:3      | Found Qenloasch's Weapon Shop.
  2087 | D:3      | Reached skill level 1 in Conjurations
  2087 | D:3      | Reached skill level 1 in Hexes
  2087 | D:3      | Reached skill level 1 in Summonings
  2087 | D:3      | Reached skill level 1 in Necromancy
  2087 | D:3      | Reached skill level 1 in Translocations
  2087 | D:3      | Reached skill level 1 in Transmutations
  2087 | D:3      | Reached skill level 1 in Fire Magic
  2087 | D:3      | Reached skill level 1 in Ice Magic
  2087 | D:3      | Reached skill level 1 in Air Magic
  2087 | D:3      | Reached skill level 1 in Earth Magic
  2087 | D:3      | Reached skill level 1 in Poison Magic
  2153 | D:3      | Reached XP level 5. HP: 19/40 MP: 7/7
  2159 | D:3      | Found a glowing drain.
  2165 | Sewer    | Entered a sewer
  2584 | Sewer    | Noticed a kobold brigand
  2598 | Sewer    | Killed a kobold brigand
  2705 | Sewer    | Noticed a kobold brigand
  2728 | Sewer    | Killed a kobold brigand
  2729 | Sewer    | Reached skill level 5 in Dodging
  2729 | Sewer    | Reached XP level 6. HP: 13/47 MP: 8/8
  3447 | D:3      | Found a faded altar of an unknown god.
  3677 | D:3      | Prayed at the altar of an unknown god.
  3677 | D:3      | Became a worshipper of Nemelex Xobeh the Trickster
  3677 | D:3      | Reached * piety under Nemelex Xobeh
  3811 | D:4      | Reached XP level 7. HP: 31/52 MP: 10/10
  3841 | D:4      | Upgraded the game from 0.31-a0-618-g7ca08c1ff9 to
                  | 0.31-a0-620-gd1cbd99268
  3992 | D:4      | Received a gift from Nemelex Xobeh
  4015 | D:4      | Found a staircase to the Ecumenical Temple.
  4369 | D:5      | Entered Level 5 of the Dungeon
  4597 | D:5      | Reached ** piety under Nemelex Xobeh
  4630 | D:5      | Gained mutation: You are clumsy. (Dex -2) [potion of
                  | mutation]
  4630 | D:5      | Gained mutation: Your muscles are strong. (Str +4, Int/Dex
                  | -1) [potion of mutation]
  4970 | D:5      | Received a gift from Nemelex Xobeh
  5099 | D:5      | Found a burning altar of Makhleb.
  5231 | D:5      | Reached XP level 8. HP: 60/60 MP: 12/12
  5721 | D:6      | Received a gift from Nemelex Xobeh
  6165 | D:6      | Reached *** piety under Nemelex Xobeh
  6220 | D:6      | HP: 1/56 [wight/+4 mace (2)]
  6221 | D:6      | Mangled by a wight

Illustrated notes

Levels and vault maps discovered:
D:1:      dpeg_arrival_orchard, layout_loops_cross, serial_shops, shop
D:2:      layout_loops_corners, uniq_jessica
D:3:      layout_loops_ring, grunt_temple_overflow_open,
          lightli_sewer_entry_pipes, hellmonk_ecumenical_altar_blasted,
          serial_shops, shop
D:4:      nicolae_BIG_FREAKIN_CUBE, layout_rooms
D:5:      minmay_inner_zag, layout_basic, lemuel_doored_altar
D:6:      layout_gridville, lemuel_blue_sif_altar

Skill      XL: |  1  2  3  4  5  6  7  8 |
---------------+-------------------------+-----
Short Blades   | 1 2 3 |  3.7
Long Blades    | 1 2 3 |  3.7
Axes           | 1 2 3 |  3.7
Maces & Flails | 1 2 3 |  3.7
Polearms       | 1 2 3 |  3.7
Staves         | 1 2 3 |  3.7
Ranged Weapons | 1 2 3 |  3.7
Throwing       | 1 2 3 |  3.7
Armour         | 1 2 3 |  3.7
Stealth        | 1 2 3 |  3.7
Shields        | 1 2 3 |  3.7
Spellcasting   | 1 2 3 |  3.7
Invocations    | 1 2 3 4 |  4.0
Evocations     | 1 2 3 |  3.7
Conjurations   | 1 2 3 |  3.0
Hexes          | 1 2 3 |  3.0
Summonings     | 1 2 3 |  3.0
Necromancy     | 1 2 3 |  3.0
Translocations | 1 2 3 |  3.0
Transmutations | 1 2 3 |  3.0
Fire Magic     | 1 2 3 |  3.0
Ice Magic      | 1 2 3 |  3.0
Air Magic      | 1 2 3 |  3.0
Earth Magic    | 1 2 3 |  3.0
Poison Magic   | 1 2 3 |  3.0
Fighting       | 3 4 |  4.5
Dodging        | 5 |  5.9
Unarmed Combat | 7 |  7.6
Shapeshifting  | 7 |  7.4

Action                     |  1- 3 |  4- 6 |  7- 9 || total
---------------------------+-------+-------+-------++-------
  Melee: Unarmed           |    42 |   328 |   154 ||   524
         Bite              |     8 |    25 |    24 ||    57
 Invoke: Draw Destruction  |       |       |     3 ||     3
    Use: Scroll            |       |       |     9 ||     9
         Potion            |       |       |     4 ||     4
 Armour: Animal skin       |     4 |       |       ||     4
         Robe              |       |    36 |       ||    36
         Leather armour    |       |     7 |    38 ||    45
  Dodge: Dodged            |    24 |   138 |    90 ||   252
  Block: Other             |       |    49 |    31 ||    80
         Reflection        |       |       |     2 ||     2
   Form: Flux              |     1 |       |       ||     1

Table legend: (Time is in decaauts)
 A = Elapsed time spent in this place.
 B = Non-inter-level travel time spent in this place.
 C = Inter-level travel time spent in this place.
 D = Time resting spent in this place.
 E = Time spent auto-exploring this place.
 F = Levels seen in this place.
 G = Mean time per level.
                   A        B        C        D        E       F      G
               +--------+--------+--------+--------+--------+-----+--------+
         Total |   6367 |   6090 |    277 |      0 |   4761 |   7 |  909.6 |
       Dungeon |   5006 |   4729 |    277 |      0 |   3890 |   6 |  834.3 |
         Sewer |   1361 |   1361 |      0 |      0 |    871 |   1 | 1361.0 |
               +--------+--------+--------+--------+--------+-----+--------+

Top non-repeatable levels by time:
   Sewer: 1361 daAuts
     D:5: 939 daAuts
     D:2: 915 daAuts
     D:6: 875 daAuts
     D:3: 869 daAuts
     D:1: 741 daAuts
     D:4: 664 daAuts
